 Dungeon Crawl Stone Soup version 0.29.1-15-g9cfb28693d (webtiles) character file.

Game seed: 6156968183942536900

31 hwolsky the Chiller (level 3, -6/26 HPs)
             Began as a Draconian Ice Elementalist on Mar 30, 2023.
             Mangled by a gnoll
             ... wielding a +0 flail
              (11 damage)
             ... on level 1 of the Dungeon.
             The game lasted 00:10:06 (1062 turns).

hwolsky the Chiller (Draconian Ice Elementalist)    Turns: 1062, Time: 00:10:06

Health: -6/26      AC:  5    Str: 10    XL:     3   Next: 7%
Magic:  5/6        EV: 12    Int: 17    God:
Gold:   82         SH:  0    Dex: 11    Spells: 2/6 levels left

rFire   . . .      SeeInvis .   b - +0 hand axe
rCold   + . .      Faith    .   (no shield)
rNeg    . . .      Spirit   .   (body armour unavailable)
rPois   .          Reflect  .   (helmet restricted)
rElec   .          Harm     .   (no cloak)
rCorr   .          Rampage  .   (no gloves)
Will    .....                   (no boots)
Stlth   ++........              (no amulet)
HPRegen 0.08/turn               f - ring of protection from cold
MPRegen 0.10/turn               (no ring)

@: no status effects
A: AC +5, unfitting armour, cold-blooded
a: no special abilities


You were on level 1 of the Dungeon.
You visited 1 branch of the dungeon, and saw 1 of its levels.

You collected 82 gold pieces.

Inventory:

Hand Weapons
 b - a +0 hand axe (weapon)
 d - a +0 dagger
 h - a +0 whip
 l - a +0 club
Missiles
 e - 6 javelins (quivered)
 m - 4 stones
 n - 6 poisoned darts
Magical Staves
 i - a staff of fire
Jewellery
 f - a ring of protection from cold (left hand)
 j - a ring of protection from cold
Scrolls
 c - 3 scrolls of immolation {unknown}
 g - a scroll of fog {unknown}
Potions
 a - a potion of magic
 k - a potion of heal wounds {unknown}


   Skills:
 + Level 0.2 Fighting
 + Level 0.6 Axes
 + Level 1.9 Dodging
 + Level 1.7 Stealth
 + Level 2.0 Spellcasting
 + Level 4.7 Ice Magic


You had 2 spell levels left.
You knew the following spells:

 Your Spells              Type           Power      Damage    Failure   Level
a - Freeze                Ice            68%        1d8       2%          1
b - Frozen Ramparts       Ice            34%        1d6       9%          3

Your spell library contained the following spells:

 Spells                   Type           Power      Damage    Failure   Level
 Apportation              Tloc           2%         N/A       19%         1
 Necrotise                Necr           4%         1d4       19%         1
 Summon Small Mammal      Summ           4%         N/A       19%         1
 Ozocubu's Armour         Ice            17%        N/A       9%          3
 Hailstorm                Conj/Ice       9%         3d4       58%         4


Dungeon Overview and Level Annotations

Branches:
Dungeon (1/15)

Altars:


Innate Abilities, Weirdness & Mutations

Your plain brown scales are hard. (AC +5)
You cannot fit into any form of body armour.
You are cold-blooded and may be slowed by cold attacks.


Message History

The gnoll completely misses you.
You hit the gnoll.
The gnoll is moderately wounded.
The wall freezes the gnoll but does no damage.
The gnoll closely misses you.
You barely miss the gnoll.
The gnoll is moderately wounded.
The frozen ramparts melt away.
The gnoll barely misses you.
You hit the gnoll but do no damage.
The gnoll is moderately wounded.
The gnoll closely misses you. The gnoll barely misses you.
You barely miss the gnoll.
The gnoll is moderately wounded.
The gnoll closely misses you.
You hit the gnoll but do no damage.
The gnoll is moderately wounded.
The gnoll hits you but does no damage.
You hit the gnoll but do no damage.
Your tail-slap misses the gnoll.
The gnoll is moderately wounded.
The gnoll hits you but does no damage. The gnoll closely misses you.
You hit the gnoll but do no damage.
The gnoll is moderately wounded.
The gnoll closely misses you.
You barely miss the gnoll. You tail-slap the gnoll.
Your punch misses the gnoll.
The gnoll is heavily wounded.
The gnoll misses you.
You completely miss the gnoll.
The gnoll is heavily wounded.
The gnoll misses you.
You hit the gnoll.
The gnoll is heavily wounded.
The gnoll hits you with a +0 flail! The gnoll hits you with a +0 flail.
You hit the gnoll.
The gnoll is severely wounded.
The gnoll hits you with a +0 flail.
* * * LOW HITPOINT WARNING * * *
The gnoll attacks as you move away! The gnoll misses you.
The gnoll attacks as you move away! The gnoll hits you with a +0 flail!
You die...

.##.≈..÷...>......≈.#.....#####.[
....≈.≈≈≈≈≈.≈≈≈≈≈.≈........#....#
....≈.≈...≈.≈...≈.≈......#...####
....≈≈≈.≈≈≈.≈≈≈.≈≈≈..##........†.
.......>≈.....≈>....#####..##..##
....≈≈≈.≈≈≈.≈≈≈.≈≈≈...###.....##
....≈.≈...≈.≈...≈.≈.#..........#
....≈.≈≈≈≈≈.≈≈≈≈≈.≈.##.........#
...............g@..............#
....##...........#.###.........##
###.........######.# #...........
####...#.#### #.# ##.#########
............# #.###..#
.####.......# #.#...## #.......#
###...### ######### #....##
######


You could see a gnoll.

Vanquished Creatures
  2 dart slugs (D:1)
  3 ball pythons (D:1)
  3 endoplasms (D:1)
  3 giant cockroaches (D:1)
  3 hobgoblins (D:1)
  2 kobolds (D:1)
  4 bats (D:1)
  2 frilled lizards (D:1)
  3 rats (D:1)
25 creatures vanquished.

Notes
Turn   | Place    | Note
-------+----------+-------------------------------------------
     0 | D:1      | hwolsky the Draconian Ice Elementalist began the quest for
                  | the Orb.
     0 | D:1      | Reached XP level 1. HP: 14/14 MP: 3/3
    95 | D:1      | Reached XP level 2. HP: 11/20 MP: 5/5
   717 | D:1      | Reached XP level 3. HP: 20/26 MP: 6/6
   721 | D:1      | Learned a level 3 spell: Frozen Ramparts
  1062 | D:1      | Mangled by a gnoll

Illustrated notes

Levels and vault maps discovered:
D:1:      evilmike_arrival_hilbert_curve, layout_rooms,
          chequers_serial_rivers_micro_e

Action                   || total
-------------------------++-------
Melee: Hand axe          ||    73
       Tailslap          ||     9
 Cast: Freeze            ||     3
       Frozen Ramparts   ||     2
Armor: Skin              ||    23
Dodge: Dodged            ||    58
